[Event "The Schackveckan 2023: Göteborg open"]
[Site "Göteborgs schackcentrum, Vegagatan 20, Gothenburg, Sweden"]
[Date "2023.08.13"]
[Round "8.10"]
[White "Thern, Alfred"]
[Black "Harila, Per"]
[Result "0-1"]
[TimeControl "15 minutes + 5 seconds per move from move one (Round 1 - 4) / 90 minutes + 30 seconds per move from move one (Round 5 - 8)"]
[WhiteFideId "1775227"]
[BlackFideId "1707248"]
[WhiteElo "1643"]
[BlackElo "2016"]

1. e4 c5 2. Nf3 g6 3. Bc4 Bg7 4. c3 Nc6 5. O-O Qb6 6. d3 d6 7. h3 Na5 8. Nbd2 Nxc4 9. Nxc4 Qc7 10.
a4 Bd7 11. Bf4 e5 12. Bh2 Ne7 13. Nfd2 O-O 14. f4 Nc6 15. fxe5 dxe5 16. Nf3 Be6 17. Ne3 Rad8 18. Qe2 Qd7 19.
Rfd1 f6 20. d4 cxd4 21. cxd4 Nxd4 22. Nxd4 exd4 23. Nc2 d3 24. Qe3 Bb3 25. Rac1 Qxa4 26. Ne1 Bxd1 27. Nxd3 b6 28. Qd2 Bb3 29.
Qe3 0-1

[Event "The Schackveckan 2023: Göteborg open"]
[Site "Göteborgs schackcentrum, Vegagatan 20, Gothenburg, Sweden"]
[Date "2023.08.13"]
[Round "8.11"]
[White "Havner, Arvid"]
[Black "Sandberg, Lucas"]
[Result "1/2-1/2"]
[TimeControl "15 minutes + 5 seconds per move from move one (Round 1 - 4) / 90 minutes + 30 seconds per move from move one (Round 5 - 8)"]
[WhiteFideId "1769308"]
[BlackFideId "1773712"]
[WhiteElo "1825"]
[BlackElo "1311"]

1. e4 c5 2. Nf3 d6 3. d4 cxd4 4. Nxd4 Nf6 5. Nc3 g6 6. Be3 Bg7 7. f3 O-O 8. Qd2 Nc6 9. O-O-O d5 10.
Kb1 Nxd4 11. e5 Nd7 12. Bxd4 Nxe5 13. f4 Nc6 14. Bxg7 Kxg7 15. Qxd5 Be6 16. Qxd8 Rfxd8 17. Bd3 Nd4 18. Nb5 Nxb5 19. Bxb5 a6 20. Bd3 Bd5 21. Rd2 Bc6 22.
Rhd1 Rd7 23. Bf1 Rxd2 24. Rxd2 Re8 25. c4 f6 26. Kc2 e5 27. fxe5 fxe5 28. Kd3 Rf8 29. Ke2 Rf4 30. b3 Re4+ 31.
Kf2 Rd4 1/2-1/2

[Event "The Schackveckan 2023: Göteborg open"]
[Site "Göteborgs schackcentrum, Vegagatan 20, Gothenburg, Sweden"]
[Date "2023.08.13"]
[Round "8.12"]
[White "Kosmidis, Thomas"]
[Black "Svensson, Leif"]
[Result "0-1"]
[TimeControl "15 minutes + 5 seconds per move from move one (Round 1 - 4) / 90 minutes + 30 seconds per move from move one (Round 5 - 8)"]
[WhiteFideId "1753380"]
[BlackFideId "1702459"]
[WhiteElo "1721"]
[BlackElo "2038"]

1. d4 d5 2. c4 Bf5 3. Nc3 e6 4. cxd5 exd5 5. Qb3 Nc6 6. e4 dxe4 7. d5 Nb4 8. a3 Nd3+ 9. Bxd3 exd3 10.
Qxb7 Bd6 11. Nf3 Nf6 12. O-O O-O 13. Qc6 Rb8 14. Qc4 Ng4 15. Bf4 Rxb2 16. Bxd6 Qxd6 17. h3 Ne5 18. Nxe5 Qxe5 19.
Rfe1 Qf6 20. Ne4 Bxe4 21. Qxe4 Qxf2+ 22. Kh1 Re2 23. Rxe2 dxe2 24. Kh2 h6 25. Rb1 f5 26. Qe6+ Kh7 27.
Qe7 Rf6 28. Qe5 Rg6 29. Rg1 f4 30. Qe4 f3 31. Kh1 fxg2+ 0-1

[Event "The Schackveckan 2023: Göteborg open"]
[Site "Göteborgs schackcentrum, Vegagatan 20, Gothenburg, Sweden"]
[Date "2023.08.13"]
[Round "8.13"]
[White "Buzleta, Patrik"]
[Black "Mohammed, Safian Haj"]
[Result "0-1"]
[TimeControl "15 minutes + 5 seconds per move from move one (Round 1 - 4) / 90 minutes + 30 seconds per move from move one (Round 5 - 8)"]
[WhiteFideId "1755463"]
[BlackFideId "1729276"]
[WhiteElo "1604"]
[BlackElo "1862"]

1. d4 Nf6 2. g3 c5 3. Bg2 cxd4 4. Qxd4 Nc6 5. Qd2 e5 6. a3 d5 7. e3 Be6 8. Ne2 h5 9. h3 Be7 10.
b4 a6 11. Bb2 Qc7 12. Nbc3 Rd8 13.
Na2 Qb6 14. O-O O-O 15. Rfb1 d4 16. e4 Rd7 17. Nac1 Nh7 18. Nd3 Bg5 19. f4 exf4 20. gxf4 Be7 21. Kh1 f5 22. Rg1 fxe4 23.
Bxe4 Bxh3 24. c4 Nf6 25. Bf3 Bg4 26. Bg2 Qd8 27. Ne5 Nxe5 28. fxe5 Nh7 29. Nxd4 Bxb4 30. axb4 Qh4+ 31. Bh3 Rf2 32.
Qxf2 Qxf2 33. Rg2 Qh4 34. Rh2 Bxh3 35. Nf3 Qg4 36. Ne1 Ng5 37. Rf2 Qe4+ 38. Kh2 Qe3 39. Bc1 0-1

[Event "The Schackveckan 2023: Göteborg open"]
[Site "Göteborgs schackcentrum, Vegagatan 20, Gothenburg, Sweden"]
[Date "2023.08.13"]
[Round "8.14"]
[White "Andersson, Stig"]
[Black "Eldh, Hjalmar"]
[Result "0-1"]
[TimeControl "15 minutes + 5 seconds per move from move one (Round 1 - 4) / 90 minutes + 30 seconds per move from move one (Round 5 - 8)"]
[WhiteFideId "1731971"]
[BlackFideId "1767968"]
[WhiteElo "1811"]
[BlackElo "1738"]

1. e4 e5 2. Nf3 Nc6 3. Bc4 Bc5 4. c3 Nf6 5. d4 exd4 6. e5 d5 7. O-O dxc4 8. exf6 Qxf6 9. cxd4 Nxd4 10.
Nxd4 Qxd4 11. Qe2+ Be6 12. Rd1 Qg4 13. Qe1 O-O 14. Nc3 Rfe8 15. Be3 Bxe3 16. Qxe3 Bd5 17. Nxd5 Rxe3 18. Nxe3 Qe6 19.
a4 c6 20. Rdc1 b5 21. axb5 cxb5 22. Ra5 a6 23. Rca1 Qe4 24. h3 h6 25. Kh2 Qe5+ 0-1

[Event "The Schackveckan 2023: Göteborg open"]
[Site "Göteborgs schackcentrum, Vegagatan 20, Gothenburg, Sweden"]
[Date "2023.08.13"]
[Round "8.16"]
[White "Pintaric, Felix"]
[Black "Bergholtz, Karl"]
[Result "1-0"]
[TimeControl "15 minutes + 5 seconds per move from move one (Round 1 - 4) / 90 minutes + 30 seconds per move from move one (Round 5 - 8)"]
[WhiteFideId "1776096"]
[BlackFideId "1756141"]
[WhiteElo "1483"]
[BlackElo "1521"]

1. e4 e5 2. Nf3 Nc6 3. d4 exd4 4. Bc4 Bb4+ 5. c3 dxc3 6. bxc3 Bc5 7. Bxf7+ Kxf7 8. Qd5+ Ke8 9. Qh5+ Kf8 10.
Qxc5+ d6 11. Qc4 Qe7 12. O-O Ne5 13. Nxe5 dxe5 14. Ba3 1-0

[Event "The Schackveckan 2023: Göteborg open"]
[Site "Göteborgs schackcentrum, Vegagatan 20, Gothenburg, Sweden"]
[Date "2023.08.13"]
[Round "8.17"]
[White "Lindholm, Marcus"]
[Black "Johansson, Jan"]
[Result "1-0"]
[TimeControl "15 minutes + 5 seconds per move from move one (Round 1 - 4) / 90 minutes + 30 seconds per move from move one (Round 5 - 8)"]
[WhiteFideId "1743473"]
[BlackFideId "1747568"]
[WhiteElo "1708"]
[BlackElo "1694"]

1. d4 Nf6 2. Bg5 e6 3. e4 h6 4. Bxf6 Qxf6 5. c3 c5 6. Nf3 Nc6 7. d5 Ne5 8. Be2 Bd6 9. O-O Qf4 10.
Nbd2 Nxf3+ 11. Nxf3 Qxe4 12. dxe6 dxe6 13. Qxd6 Qc6 14. Qxc6+ bxc6 15. Ne5 Bb7 16. Nd3 1-0